 Dungeon Crawl Stone Soup version bcrawl-1.13.1 (webtiles) character file.

Game seed: 2959535456250774724

92 Flugkiller the Poker (level 4, -1/29 HPs)
             Began as a Skeleton Reaver on Aug 3, 2019.
             Was a Follower of Vehumet.
             Killed from afar by an orc wizard (3 damage)
             ... with a magic dart
             ... on level 2 of the Dungeon.
             The game lasted 00:01:45 (1536 turns).

Flugkiller the Poker (Skeleton Reaver)              Turns: 1536, Time: 00:01:45

Health: -1/29      AC:  5    Str: 18      XL:     4   Next: 35%
Magic:  0/8        EV: 12    Int: 12 (13) God:    Vehumet [*.....]
Gold:   36         SH:  0    Dex:  7      Spells: 9/9 levels left

rFire    . . .     SeeInvis .   a - +0 trident
rCold    + . .     Gourm    .   (no shield)
rNeg     + + +     Faith    .   b - +0 steam dragon scales
rPois    ∞         Spirit   +   (no helmet)
rElec    .         Reflect  .   (no cloak)
rCorr    .         Harm     .   (no gloves)
MR       .....                  (no boots)
Stlth    +.........             (no amulet)
HPRegen  0.09/turn              (no ring)
MPRegen  0.11/turn              (no ring)

@: no status effects
A: no food or potions, cold resistance 1, deterioration 1, negative energy
resistance 3, torment resistance, unbreathing, magic shield, sturdy frame 1,
spell healing
a: Renounce Religion


You were on level 2 of the Dungeon.
You worshipped Vehumet.
Vehumet was aware of your devotion.
You were not hungry.

You visited 1 branch of the dungeon, and saw 2 of its levels.

You collected 36 gold pieces.

Inventory:

Hand Weapons
 a - a +0 trident (weapon)
Armour
 b - +0 steam dragon scales (worn)
Scrolls
 c - a scroll of immolation
 d - 2 scrolls of remove curse {unknown}
 e - 2 scrolls of identify {unknown}
 f - 3 scrolls of teleportation {unknown}


   Skills:
 + Level 4.2 Fighting
 + Level 5.1 Polearms
 - Level 3.0 Dodging
 - Level 3.0 Spellcasting


You had 9 spell levels left.
You didn't know any spells.
Your spell library contained the following spells:

 Spells                   Type           Power        Failure   Level  Hunger
 Sting                    Conj/Pois      #...         24%         1    N/A
 Iskenderun's Battlesphe  Conj/Chrm      #.......     100%        5    N/A

Dungeon Overview and Level Annotations

Branches:
Dungeon (2/12)

Altars:


Innate Abilities, Weirdness & Mutations

You do not eat or drink.
You are immune to poison.
Your flesh is cold resistant. (rC+)
Your body sometimes deteriorates upon taking damage.
You are immune to negative energy. (rN+++)
You are immune to unholy pain and torment.
You can survive without breathing.
When hurt, damage is shared between your health and your magic reserves.
Your movements are slightly less encumbered by armour. (ER -2)
Casting spells heals you.


Message History

The orc wizard casts a spell.
The orc wizard blinks!
Unknown command.
You closely miss the adder. The adder bites you but does no damage.
Unknown command.
You hit the adder.
The adder is severely wounded.
The adder bites you but does no damage. The adder closely misses you.
Unknown command.
You puncture the adder!
You kill the adder!
Vehumet accepts your kill.
The orc wizard casts a spell.
The orc wizard blinks!
Unknown command.
Items here: )) [ † a +0 dagger; a +0 hand axe; a +0 scale mail; a goblin corpse A magic dart appears from out of thin air!
The magic dart hits you!
You die...

§...w.# #.##.### ##..#.# #......#
##..#.# #..#.#.#### ##..#.###
#.........# ##.{#.#.##
##.#.#.##(# ##.o#..#.# #.........
##.o###.# ###.#.##.#
.)?..##.############ #.#.##.#
##.........o{..)@..#######.#.##.#
#.#......########.........#.##.#
#.#.......# ###########.##.#
.###.......# #.##.# # #........#
####.##.# #.........# #........
.....##.##.# #.#.#.... ###.# #.#
.# #.#.#.### .# .. .# #.#.#.# #


You could see an orc.

Vanquished Creatures
  Terence (D:2)
  A gnoll (D:1)
  An adder (D:2)
  2 leopard geckos (D:1)
  2 orcs (D:2)
  8 bats
  3 giant cockroaches (D:1)
  6 goblins
  6 hobgoblins (D:1)
  4 kobolds (D:2)
  A frilled lizard (D:2)
  6 rats (D:1)
41 creatures vanquished.

Notes
Turn   | Place    | Note
-------+----------+-------------------------------------------
     0 | D:1      | Flugkiller the Skeleton Reaver began the quest for the Orb.
     0 | D:1      | Reached XP level 1. HP: 14/14 MP: 4/4
    69 | D:1      | Reached skill level 4 in Polearms
    69 | D:1      | Reached XP level 2. HP: 9/19 MP: 4/6
   535 | D:1      | Reached XP level 3. HP: 21/24 MP: 5/7
   566 | D:1      | Reached * piety under Vehumet
   566 | D:1      | Offered knowledge of Sting by Vehumet.
  1440 | D:2      | Noticed Terence
  1451 | D:2      | Killed Terence
  1451 | D:2      | Reached skill level 5 in Polearms
  1451 | D:2      | Reached XP level 4. HP: 29/29 MP: 8/8
  1518 | D:2      | HP: 1/29 [adder (2)]
  1536 | D:2      | Killed from afar by an orc wizard

Skill      XL: |  1  2  3 |
---------------+----------+-----
Polearms       | 4 5 |  5.1
Fighting       | 4 |  4.2
Dodging        | |  3.0
Spellcasting   | |  3.0

Action                   |  1- 3 |  4- 6 || total
-------------------------+-------+-------++-------
Melee: Trident           |   125 |    34 ||   159
Armor: Steam dragon scal |    43 |    16 ||    59
Dodge: Dodged            |    60 |    33 ||    93
